Map: Oceanborn LE

Players

LiquidMaNa (MaNa) - Winner!

  • Race: Protoss Protoss
  • League: Grandmaster
  • Spawn Location: 11:00

Highdra

  • Race: Protoss Protoss
  • Spawn Location: 5:00

Event: HomeStory Cup XXV

VOD

Have the link to the VOD?

Description

Time

  • Played on: June 21, 2024, 8:08 a.m.
  • Length: 10:58

All games in this series

Show
View Real Time Build Order
Export as new Build Order

LiquidMaNa Protoss - Winner!

Build Orders: Phoenix Opening 

Get SALT Encoding   

  12  0:00  Probe  
  13  0:12  Probe  
  14  0:17  Pylon  
  14  0:24  Probe  
  15  0:36  Probe (Chrono Boost)  
  15  0:38  Gateway  
  16  0:47  Assimilator  
  16  0:48  Probe (Chrono Boost)  
  17  0:52  Probe (Chrono Boost)  
  18  1:03  Probe (Chrono Boost)  
  19  1:04  Assimilator  
  19  1:10  Gateway  
  19  1:12  Probe (Chrono Boost)  
  19  1:17  Probe (Chrono Boost)  
  20  1:25  Cybernetics Core  
  21  1:29  Probe  
  22  1:35  Pylon  
  22  1:41  Probe  
  23  1:53  Probe  
  24  2:01  Adept x2  
  24  2:02  Warp Gate  
  24  2:05  Probe  
  29  2:22  Pylon  
  29  2:25  Pylon  
  29  2:37  Sentry  
  29  2:42  Nexus  
  29  2:43  Sentry, Probe  
  34  2:56  Robotics Facility, Probe (Chrono Boost)  
  35  3:07  Phoenix, Probe (Chrono Boost)  
  33  3:17  Sentry, Adept  
  33  3:18  Shield Battery  
  33  3:19  Probe  
  36  3:27  Pylon  
  36  3:31  Probe  
  37  3:43  Probe, Immortal (Chrono Boost)  
  42  3:50  Phoenix  
  42  3:55  Probe (Chrono Boost)  
  44  4:00  Probe (Chrono Boost)  
  44  4:05  Probe (Chrono Boost)  
  44  4:09  Probe x2 (Chrono Boost)  
  46  4:12  Immortal (Chrono Boost)  
  51  4:17  Adept  
  51  4:19  Probe  
  51  4:21  Probe  
  55  4:30  Pylon  
  55  4:31  Probe  
  55  4:33  Probe  
  57  4:43  Warp Prism (Chrono Boost), Probe  
  57  4:45  Probe  
  61  4:46  Twilight Council  
  61  4:51  Pylon  
  61  4:55  Probe  
  61  4:57  Probe  
  61  4:58  Stalker  
  64  5:00  Stalker  
  62  5:08  Probe  
  62  5:09  Probe  
  62  5:18  Observer (Chrono Boost)  
  62  5:20  Probe  
  64  5:21  Probe  
  64  5:25  Blink  
  65  5:28  Gateway  
  65  5:29  Assimilator  
  65  5:32  Probe  
  65  5:34  Observer, Probe  
  68  5:40  Forge  
  68  5:44  Probe  
  68  5:46  Probe  
  70  5:55  Immortal  
  70  5:56  Probe  
  75  5:58  Probe  
  76  6:09  Probe  
  77  6:12  Protoss Ground Weapons Level 1 (Chrono Boost)  
  77  6:14  Pylon x2  
  77  6:19  Nexus  
  77  6:22  Pylon  
  76  6:25  Probe  
  76  6:33  Immortal (Chrono Boost)  
  76  6:39  Adept x2  
  80  6:41  Probe  
  79  6:53  Stalker  
  81  6:56  Gateway  
  81  6:57  Gateway  
  81  7:00  Shield Battery  
  81  7:04  Stalker x2  
  85  7:11  Shield Battery  
  85  7:14  Warp Prism  
  87  7:19  Stalker  
  87  7:25  Probe  
  88  7:32  Stalker  
  88  7:33  Stalker  
  86  7:42  Stalker  
  80  7:53  Stalker x2  
  74  7:59  Zealot x2  
  74  8:03  Protoss Ground Weapons Level 2 (Chrono Boost), Probe  
  74  8:05  Probe  
  72  8:07  Probe  
  67  8:12  Stalker  
  67  8:15  Probe  
  67  8:17  Probe  
  69  8:20  Stalker x4  
  69  8:22  Probe  
  78  8:30  Charge  
  78  8:31  Pylon  
  78  8:34  Gateway  
  78  8:36  Gateway  
  78  8:40  Gateway  
  78  8:49  Probe  
  75  8:56  Observer  
  75  8:57  Stalker x4  
  83  9:08  Nexus  
  83  9:09  Photon Cannon  
  83  9:11  Photon Cannon  
  83  9:16  Probe  
  83  9:17  Probe  
  85  9:20  Probe  
  84  9:31  Zealot x5  
  84  9:32  Zealot x2, Probe  
  99  9:41  Observer  
  98  9:58  Zealot x5  
  98  9:59  Zealot  
  106  10:06  Immortal  
  110  10:19  Stalker  
  110  10:20  Stalker x5, Zealot x2  
  118  10:28  Observer  
  112  10:43  Zealot x8  
  132  10:50  Pylon  
  132  10:51  Pylon  
Show
View Real Time Build Order
Export as new Build Order

Highdra Protoss 

Build Orders:  

Get SALT Encoding   

  12  0:00  Probe  
  13  0:12  Probe  
  14  0:17  Pylon  
  14  0:24  Probe (Chrono Boost)  
  16  0:36  Probe (Chrono Boost)  
  16  0:37  Gateway  
  16  0:42  Probe (Chrono Boost)  
  16  0:45  Assimilator  
  17  0:50  Probe  
  17  0:53  Assimilator  
  18  1:03  Probe (Chrono Boost)  
  19  1:08  Gateway  
  20  1:12  Probe (Chrono Boost)  
  20  1:17  Probe (Chrono Boost)  
  21  1:25  Cybernetics Core  
  21  1:29  Probe  
  22  1:36  Pylon  
  22  1:41  Probe  
  23  1:54  Probe  
  24  2:02  Stalker, Sentry, Warp Gate  
  24  2:06  Probe  
  29  2:12  Pylon  
  31  2:37  Sentry x2  
  33  2:44  Nexus  
  33  2:58  Robotics Facility  
  33  3:01  Pylon  
  33  3:03  Probe  
  33  3:15  Pylon, Probe (Chrono Boost)  
  34  3:25  Probe (Chrono Boost)  
  35  3:30  Probe (Chrono Boost)  
  36  3:41  Probe  
  36  3:42  Twilight Council  
  36  3:45  Warp Prism  
  39  3:50  Stalker  
  39  3:54  Probe (Chrono Boost)  
  42  3:58  Probe (Chrono Boost)  
  43  4:05  Probe (Chrono Boost)  
  43  4:08  Probe (Chrono Boost)  
  45  4:10  Probe (Chrono Boost)  
  45  4:13  Probe  
  45  4:14  Adept x2  
  51  4:23  Probe  
  52  4:25  Immortal (Chrono Boost)  
  52  4:29  Probe  
  57  4:34  Pylon  
  57  4:36  Probe  
  58  4:41  Probe  
  59  4:48  Shield Battery  
  59  4:57  Probe x2  
  65  5:07  Immortal  
  65  5:10  Pylon  
  65  5:11  Blink (Chrono Boost)  
  61  5:16  Gateway  
  61  5:17  Gateway  
  61  5:20  Stalker x2  
  65  5:24  Pylon  
  65  5:38  Pylon  
  65  5:44  Nexus  
  69  5:55  Stalker  
  69  5:56  Stalker  
  71  6:10  Immortal  
  68  6:12  Pylon  
  68  6:22  Pylon, Probe x2  
  66  6:34  Stalker x3  
  70  6:41  Probe x2  
  70  6:43  Pylon  
  70  6:46  Stalker  
  74  6:57  Stalker  
  74  6:58  Stalker x2  
  74  7:00  Probe x2  
  82  7:02  Probe  
  82  7:04  Pylon  
  83  7:12  Stalker  
  83  7:24  Stalker  
  83  7:25  Stalker  
  83  7:27  Zealot  
  83  7:28  Probe x2  
  61  7:57  Stalker x2, Zealot x2  
  61  7:59  Probe x2  
  61  8:03  Probe  
  52  8:11  Probe x2 (Chrono Boost)  
  52  8:15  Probe (Chrono Boost)  
  52  8:17  Resonating Glaives (Chrono Boost)  
  45  8:23  Probe x2 (Chrono Boost)  
  45  8:26  Probe (Chrono Boost)  
  48  8:28  Probe x2 (Chrono Boost)  
  48  8:30  Probe (Chrono Boost)  
  51  8:37  Probe x2  
  51  8:41  Gateway  
  52  8:42  Gateway, Probe, Stalker  
  52  8:44  Gateway  
  53  8:49  Stalker  
  53  8:50  Stalker  
  48  9:04  Probe  
  48  9:07  Immortal (Chrono Boost)  
  48  9:09  Gateway  
  51  9:15  Probe x2  
  55  9:30  Stalker x2  
  57  9:37  Adept x2  
  59  9:44  Adept  
  59  9:47  Adept  
  59  9:50  Adept  
  61  9:57  Warp Prism  
  59  10:08  Adept x3  
  53  10:26  Adept x3  
  54  10:29  Adept  
Tags
 
Add a new tag
Caveats
  • Supply blocks, unpowered buildings, or Contaminate may cause inaccurate times.
  • Supply counts are checked every 10 seconds.